 Dungeon Crawl Stone Soup version 0.13.0-26-gf7ffa3a (webtiles) character file.

4792 M4edhros the Covert (level 10, 0/60 HPs)
             Began as an Octopode Artificer on Oct 31, 2013.
             Was an Elder of Fedhas.
             Slain by an orc
             ... wielding a +0,+2 orcish war axe of electrocution
              (23 damage)
             ... on Level 10 of the Dungeon.
             The game lasted 00:21:09 (9021 turns).

M4edhros the Covert (Octopode Artificer)            Turns: 9021, Time: 00:21:09

HP   0/60        AC  1     Str 12      XL: 10   Next: 35%
MP  28/28        EV 11     Int 18      God: Fedhas [****..]
Gold 392         SH  7     Dex 15      Spells:  1 memorised,  7 levels left

Res.Fire  : . . .   See Invis. : +   q - +0 sabre
Res.Cold  : . . .   Warding    : .   z - +0 orc buckler (curse)
Life Prot.: . . .   Conserve   : .   (helmet restricted)
Res.Poison: .       Res.Corr.  : .   (no amulet)
Res.Elec. : .       Clarity    : .   j - cursed ring of see invisible
Sust.Abil.: + .     Spirit.Shd : .   k - ring of magical power
Res.Mut.  : .       Stasis     : .   t - +2 ring of strength
Res.Rott. : .       Flight     : .   v - cursed ring of sustain abilities
Saprovore : . . .                    (no ring)
                                     (no ring)
                                     (no ring)
                                     (no ring)

@: somewhat resistant to hostile enchantments, extraordinarily stealthy
A: almost no armour, amphibious, 8 rings, constrict 8, camouflage 1, carnivore
1, -10% mp, AC +1, Dex +2
a: Evolution, Sunlight, Growth, Reproduction, Renounce Religion


You were on level 10 of the Dungeon.
You worshipped Fedhas.
Fedhas was greatly pleased with you.
You were not hungry.

You visited 2 branches of the dungeon, and saw 11 of its levels.

You collected 408 gold pieces.
You spent 36 gold pieces at shops.

Inventory:

Hand weapons
 q - a +0,+0 sabre (weapon)
 J - a +1,+2 elven long sword of protection
Armour
 z - a cursed +0 orcish buckler (worn)
Magical devices
 b - a wand of flame (4)
 c - a wand of enslavement (3)
 d - a wand of random effects (9)
 C - a wand of fire (7)
 H - a wand of confusion (7)
 K - a wand of teleportation (0)
 M - a wand of flame (6)
 P - a wand of slowing (11)
Comestibles
 f - 3 bread rations
 x - 2 apples
 B - a banana
 G - a pear
 O - a choko
 R - a meat ration
Scrolls
 e - 8 scrolls of remove curse
 h - 6 scrolls of identify
 i - 3 scrolls of teleportation
 l - 9 scrolls of recharging
 m - 3 scrolls of enchant weapon II
 n - 5 scrolls of fog
 o - a scroll of blinking
 u - 3 scrolls of amnesia
 w - 2 scrolls of curse weapon
 y - 2 scrolls of magic mapping
 I - a scroll of enchant armour
Jewellery
 j - a cursed ring of see invisible (left tentacle)
 k - a ring of magical power (right tentacle)
 r - an uncursed ring of positive energy
 t - a +2 ring of strength (on tentacle)
 v - a cursed ring of sustain abilities (on tentacle)
Potions
 g - a potion of heal wounds
 p - 4 potions of curing
 s - a potion of resistance
 A - a potion of restore abilities
 D - 2 potions of speed
 F - 2 potions of degeneration {unknown}
 L - 3 potions of magic {unknown}
 N - a potion of beneficial mutation {unknown}
Books
 a - a book of Party Tricks

   Spells                             Type                      Level
   Summon Butterflies                 Summoning                    1
   Apportation                        Translocation                1
   *Blink                             Translocation                2
   Alistair's Intoxication            Transmutation/Poison         4
   Tukima's Dance                     Hexes                        5
 Q - a book of Unlife

   Spells                             Type                      Level
   Recall                             Summoning/Translocation      3
   Animate Dead                       Necromancy                   4
   Control Undead                     Necromancy                   4
   Twisted Resurrection               Necromancy                   5
   Death Channel                      Necromancy                   6
   Simulacrum                         Ice/Necromancy               6
Rods
 E - a +4 rod of fiery destruction (13/13)
   (You acquired it on level 10 of the Dungeon)


   Skills:
 - Level 1.0 Fighting
 - Level 1.0 Short Blades
 - Level 2.0 Dodging
 * Level 14.0 Stealth
 * Level 8.1 Invocations
 * Level 9.5 Evocations


You had 7 spell levels left.
You knew the following spells:

 Your Spells              Type           Power        Failure   Level  Hunger
a - Blink                 Tloc           N/A          38%         2    ###....


Dungeon Overview and Level Annotations

Branches:
Dungeon (10/27)            Temple (1/1) D:5            Lair (0/8) D:8
    Orc: D:6-11

Altars:
Ashenzari
Cheibriados
Elyvilon
Fedhas
Kikubaaqudgha
Makhleb
Nemelex Xobeh
Okawaru
Sif Muna
Trog
Vehumet
Xom
Yredelemnul
Zin
the Shining One

Shops:
D:6 [/[!(   D:8 *

Annotations:
D:3 Zapata's ghost, average KoBe
D:5 Kae's ghost, experienced TeFE


Innate Abilities, Weirdness & Mutations

You cannot wear most types of armour.
You are amphibious.
You can wear up to eight rings at the same time.
You can use your tentacles to constrict many enemies at once.
Your skin changes colour to match your surroundings (Stlth).
Your rubbery body absorbs attacks (AC +1).
You are agile. (Dex +2)
Your digestive system is specialised to digest meat.
Your magical capacity is low (-10% MP).


Message History

The orc wizard seems to speed up.
A hound comes into view.
You hit the orc wizard but do no damage.
You squeeze the orc wizard.
The orc wizard is lightly wounded.
You constrict the orc wizard.
The orc wizard points at you and mumbles some strange words.
The magic dart hits you!
The orc hits you with a glowing orcish war axe.
The orc hits you with an orcish flail. You block the orc's attack.
The orc wizard casts a spell at you. The magic dart hits you!
You slash the orc wizard!
The orc wizard is almost dead.
You constrict the orc wizard.
You kill the orc wizard!
The orc hits you with a glowing orcish war axe!
You are electrocuted!
You die...
Fedhas appreciates your contribution to the ecosystem.

#....#.....#.#..#..
####.....<...#....##.
##.#...........#......
#...#......f.......... #
#....%.....ff.........
#.#.....................
........................
#........................
.......o@..!.............
.......)oo...............
.................. ....
.........h....... ..
................ .....
.............. ...<.
............ ....
.......... #... .... #...


You could see a hound, 3 orcs and 3 friendly wandering mushrooms.

Vanquished Creatures
  An unseen horror (D:10)
  A killer bee (D:8)
  Prince Ribbit (D:4)
  Eustachio (D:8)
  A deep elf fighter (D:8)
  An orc warrior (D:7)
  A centaur (D:5)
  5 ogres
  A big kobold (D:9)
  4 giant frogs
  3 human skeletons (D:8)
  2 wights (D:8)
  A troll skeleton (D:9)
  A crimson imp (D:6)
  An orc priest (D:7)
  2 jellies
  2 hounds (D:4)
  2 orc wizards
  A two-headed ogre skeleton (D:7)
  A giant frog skeleton (D:5)
  A scorpion (D:4)
  4 iguanas
  3 worker ants
  4 mummies
  3 gnolls (D:7)
  A green rat (D:8)
  11 adders
  A giant mite (D:2)
  4 worms
  2 adder skeletons (D:8)
  A giant eyeball (D:4)
  16 orcs
  A ball python (D:3)
  20 bats
  7 giant cockroaches
  12 goblins
  14 hobgoblins
  4 quokkas
  3 training dummies (D:9)
  5 giant geckos
  6 giant newts
  A goblin zombie (D:5)
  4 jackals
  A jackal skeleton (D:5)
  6 kobolds
  A kobold skeleton (D:4)
  6 orc skeletons
  An orc zombie (D:6)
  A quokka skeleton (D:5)
  27 rats
204 creatures vanquished.

Vanquished Creatures (collateral kills)
  A two-headed ogre (D:10)
  A hill giant (D:10)
  A wraith (D:8)
  An orc warrior (D:6)
  A wyvern (D:8)
  2 centaurs
  3 ice beasts
  An ogre (D:7)
  2 cyclops skeletons (D:9)
  5 killer bees (D:8)
  2 goliath beetles
  A jelly (D:9)
  3 orc priests
  2 worker ants (D:7)
  An iguana (D:4)
  A mummy (D:10)
  4 gnolls (D:6)
  2 green rats (D:8)
  A giant mite (D:7)
  5 orcs
  A hobgoblin (D:9)
  A kobold (D:7)
  A training dummy (D:9)
  A giant spore (D:9)
  2 rats
46 creatures vanquished.

Vanquished Creatures (others)
  Pikel (D:8)
  2 necrophages (D:8)
  2 slaves (D:8)
  A green rat (D:8)
  A grey rat (D:8)
  A jackal (D:8)
  A quokka (D:8)
  A giant spore (D:9)
  A kobold (D:8)
  A rat (D:8)
  4 wandering mushrooms
  A ballistomycete (D:9)
  108 toadstools
125 creatures vanquished.

Grand Total: 375 creatures vanquished

Notes
Turn   | Place    | Note
--------------------------------------------------------------
     0 | D:1      | M4edhros, the Octopode Artificer, began the quest for the Orb.
     0 | D:1      | Reached XP level 1. HP: 14/14 MP: 1/1
   234 | D:1      | Reached XP level 2. HP: 16/19 MP: 3/3
   484 | D:3      | Reached skill level 4 in Stealth
   566 | D:3      | Reached XP level 3. HP: 22/24 MP: 4/4
   618 | D:3      | Noticed Zapata's ghost (average KoBe)
   692 | D:4      | Reached skill level 5 in Stealth
   821 | D:4      | Reached XP level 4. HP: 9/29 MP: 6/6
   843 | D:4      | Noticed Prince Ribbit
   858 | D:4      | Killed Prince Ribbit
   858 | D:4      | Reached skill level 8 in Stealth
   858 | D:4      | Reached XP level 5. HP: 12/34 MP: 7/7
   858 | D:4      | Reached XP level 6. HP: 13/39 MP: 9/9
  1121 | D:4      | Reached skill level 9 in Stealth
  1568 | D:4      | Paralysed by a giant eyeball for 3 turns
  1588 | D:5      | Entered Level 5 of the Dungeon
  1911 | D:5      | Reached skill level 10 in Stealth
  1911 | D:5      | Reached XP level 7. HP: 12/44 MP: 10/10
  2270 | D:5      | Found a staircase to the Ecumenical Temple.
  2276 | Temple   | Entered the Ecumenical Temple
  2371 | Temple   | Became a worshipper of Fedhas Madash
  2591 | D:5      | Noticed Kae's ghost (experienced TeFE)
  3904 | D:2      | Acquired Fedhas' first power
  3976 | D:2      | Found an iron altar of Okawaru.
  4464 | D:6      | Found Meodaleu's Antique Armour Boutique.
  4468 | D:6      | Bought an orcish buckler for 36 gold pieces
  4510 | D:6      | Found an ancient bone altar of Kikubaaqudgha.
  4529 | D:6      | Found Acian's Magical Wand Shoppe.
  4542 | D:6      | Found Yfaar's Antique Armour Boutique.
  4563 | D:6      | Found a burning altar of Makhleb.
  4563 | D:6      | Noticed a balrug
  4570 | D:6      | Found Kotuawunt's Distillery.
  4679 | D:6      | Reached skill level 1 in Invocations
  4901 | D:6      | Found Coeniz's Weapon Boutique.
  4919 | D:6      | Reached skill level 11 in Stealth
  5100 | D:6      | Reached XP level 8. HP: 50/50 MP: 14/14
  5110 | D:6      | Found a sparkling altar of Nemelex Xobeh.
  5387 | D:7      | Reached skill level 5 in Evocations
  5426 | D:7      | Acquired Fedhas' second power
  5865 | D:7      | Gained mutation: Your digestive system is specialised to digest meat. [potion of mutation]
  5865 | D:7      | Gained mutation: Your magical capacity is low (-10% MP). [potion of mutation]
  5865 | D:7      | Gained mutation: You are agile. (Dex +2) [potion of mutation]
  5980 | D:7      | Learned a level 2 spell: Blink
  6280 | D:8      | Reached skill level 5 in Invocations
  6286 | D:8      | Reached skill level 12 in Stealth
  6290 | D:8      | Reached XP level 9. HP: 32/54 MP: 16/16
  6308 | D:8      | Acquired Fedhas' third power
  6527 | D:8      | Acquired Fedhas' fourth power
  6568 | D:8      | Found a staircase to the Lair.
  6676 | D:8      | Noticed Pikel
  6696 | D:8      | Noticed Eustachio
  6722 | D:8      | Killed Pikel
  6726 | D:8      | Killed Eustachio
  6972 | D:8      | Found Wided's Assorted Antiques.
  7041 | D:8      | Found a basalt altar of Yredelemnul.
  7158 | D:8      | Reached skill level 13 in Stealth
  8172 | D:9      | Found an iron altar of Okawaru.
  8325 | D:10     | Entered Level 10 of the Dungeon
  8376 | D:10     | Reached XP level 10. HP: 28/60 MP: 18/18
  8578 | D:10     | Noticed an unseen horror
  8615 | D:10     | Killed an unseen horror
  8783 | D:10     | Noticed a hill giant
  8807 | D:10     | Killed a hill giant
  8807 | D:10     | Reached skill level 14 in Stealth
  8831 | D:10     | Identified a scroll of acquirement
  8836 | D:10     | Identified a +4 rod of fiery destruction (13/13) (You acquired it on level 10 of the Dungeon)
  9021 | D:10     | Slain by an orc

Action                   |  1- 3 |  4- 6 |  7- 9 | 10-12 || total
-------------------------+-------+-------+-------+-------++-------
Melee: Short sword       |    36 |    48 |    17 |       ||   101
       Sabre             |       |       |   199 |     5 ||   204
       Long sword        |       |       |    81 |    15 ||    96
Invok: Evolution         |       |       |     6 |     1 ||     7
       Sunlight          |       |       |     6 |     1 ||     7
       Reproduction      |       |       |     1 |       ||     1
Evoke: Wand              |       |    15 |    14 |     3 ||    32
  Use: Potion            |       |     2 |    11 |       ||    13
       Scroll            |       |       |     9 |     4 ||    13
 Stab: Sleeping          |     5 |     8 |    63 |     3 ||    79
       Distracted        |       |     1 |     1 |       ||     2
       Confused          |       |       |       |     1 ||     1
